 Dungeon Crawl Stone Soup version 0.31-a0-851-g7ff8af7976 (webtiles) character file.

Game seed: 11860946945178463596

11130 Pixllover the Geomancer (level 11, -9/67 HPs)
             Began as a Gargoyle Earth Elementalist on Oct 6, 2023.
             Was a Priest of Vehumet.
             Hit by a large rock thrown by a cyclops (23 damage)
             ... on level 11 of the Dungeon.
             The game lasted 00:50:24 (12265 turns).

Pixllover the Geomancer (GrEE)                     Turns: 12265, Time: 00:50:25

Health: -9/67      AC: 13    Str: 11    XL:     11   Next: 72%
Magic:  8/24       EV: 13    Int: 21    God:    Vehumet [***...]
Gold:   211        SH:  0    Dex: 10    Spells: 15/28 levels left

rFire   . . .        a - +1 demon whip (venom)
rCold   . . .        (no shield)
rNeg    + . .        f - +0 robe
rPois   ∞            s - +0 helmet
rElec   +            c - +0 cloak
rCorr   .            (no gloves)
SInv    .            g - +0 pair of boots
Will    .....        J - amulet of magic regeneration
Stlth   ++           (no ring)
HPRegen 0.31/turn    (no ring)
MPRegen 0.59/turn

%: no passive effects
@: slowed, very slow
A: sickness immunity, AC +8, negative energy resistance 1, electricity
resistance, torment resistance 1, petrification resistance
a: Renounce Religion


You were on level 11 of the Dungeon.
You worshipped Vehumet.
Vehumet was most pleased with you.
You visited 2 branches of the dungeon, and saw 12 of its levels.

You collected 590 gold pieces.
You spent 379 gold pieces at shops.

Inventory:

Hand Weapons
 a - a +1 demon whip of venom (weapon)
Missiles
 x - 50 poisoned darts (quivered)
 A - 3 datura-tipped darts
 I - 4 curare-tipped darts
 K - 3 atropa-tipped darts
Armour
 c - a +0 cloak (worn)
 f - a +0 robe (worn)
 g - a +0 pair of boots (worn)
 s - a +0 helmet (worn)
Magical Staves
 b - a staff of earth
Jewellery
 J - an amulet of magic regeneration (around neck)
Wands
 d - a wand of roots (18)
 h - a wand of digging (3)
 t - a wand of paralysis (16)
 w - a wand of quicksilver (2)
 C - a wand of polymorph (18)
Scrolls
 j - 2 scrolls of enchant weapon
 l - 2 scrolls of immolation
 n - a scroll of poison
 r - 2 scrolls of amnesia
 E - a scroll of brand weapon
 F - a scroll of enchant armour {unknown}
 G - a scroll of fog
 M - a scroll of silence {unknown}
Potions
 e - 2 potions of haste {unknown}
 i - a potion of berserk rage {unknown}
 k - a potion of resistance
 m - a potion of mutation {unknown}
 o - 4 potions of enlightenment
 p - 3 potions of attraction
 q - 4 potions of brilliance
 u - 4 potions of curing
 v - 2 potions of lignification
 z - a potion of ambrosia {unknown}
 B - 2 potions of heal wounds
 D - a potion of invisibility {unknown}
 H - a potion of might {unknown}
Miscellaneous
 L - a box of beasts


   Skills:
 * Level 7.2 Fighting
 + Level 1.6 Axes
 - Level 6.0 Staves
 * Level 5.6 Dodging
 + Level 3.8 Stealth
 - Level 0.9 Shields
 + Level 9.2 Spellcasting
 * Level 6.1 Conjurations
 + Level 0.7 Transmutations
 + Level 10.6 Earth Magic


You had 15 spell levels left.
You knew the following spells:

 Your Spells              Type           Power      Damage    Failure   Level
a - Sandblast             Erth           100%       2d20      1%          1
b - Passwall              Tmut/Erth      27%        N/A       1%          2
c - Stone Arrow           Conj/Erth      88%        3d12      1%          3
d - Brom's Barrelling Bo  Conj/Erth      44%        2d6       1%          4
e - Hailstorm             Conj/Ice       22%        3d7       1%          3

Your spell library contained the following spells:

 Spells                   Type           Power      Damage    Failure   Level
 Airstrike                Air            4%         2d(1-17)  17%         4
 Fulminant Prism          Conj/Hex       11%        3d9       5%          4
 Iskenderun's Mystic Bla  Conj/Tloc      22%        2d6       5%          4
 Volatile Blastmotes      Fire/Tloc      18%        2d11      6%          3
 Slow                     Hex            36%        N/A       7%          1
 Summon Small Mammal      Summ           36%        N/A       7%          1
 Petrify                  Tmut/Erth      33%        N/A       7%          4
 Irradiate                Conj/Tmut      12%        3d15      13%         5
 Call Canine Familiar     Summ           9%         N/A       22%         3
 Confusing Touch          Hex            9%         N/A       22%         3
 Gell's Gravitas          Tloc           9%         N/A       22%         3
 Sigil of Binding         Hex            9%         N/A       22%         3
 Summon Guardian Golem    Hex/Summ       9%         N/A       22%         3
 Teleport Other           Tloc           9%         N/A       22%         3
 Vampiric Draining        Necr           9%         2d6       22%         3
 Dispersal                Tloc           4%         N/A       100%        6
 Sublimation of Blood     Necr           Unusable   N/A       N/A         2

Dungeon Overview and Level Annotations

Branches:
Dungeon (11/15)            Temple (1/1) D:5            Lair (0/5) D:11
    Orc: D:9-12

Altars:
Ashenzari
Cheibriados
Dithmenos
Elyvilon
Fedhas
Gozag
Hepliaklqana
Kikubaaqudgha
Makhleb
Nemelex Xobeh
Okawaru
Qazlal
Ru
Sif Muna
Trog
Uskayaw
Vehumet
Wu Jian
Xom
Yredelemnul
Zin
The Shining One

Shops:
D:2 =!?   D:4 =

Annotations:
D:8 1 runed translucent door, temujin's ghost, novice DECj
D:11 exclusion: oklob plant


Innate Abilities, Weirdness & Mutations

You are immune to sickness and miasma.
Your stone body is resilient. (AC +8)
You are immune to poison.
You resist negative energy. (rN+)
You are resistant to electric shocks. (rElec)
You are resistant to unholy torment.
You are immune to petrification.


Message History

Casting: Brom's Barrelling Boulder (dangerous; 1% risk of failure)
Confirm with . or Enter, or press ? or * to list all spells.
Aiming: Brom's Barrelling Boulder (dangerous; 1% risk of failure)
Press: ? - help, Dir - move target, f/p - cyclops
Aim: a cyclops, quivering large rocks (sparse dust, moderately wounded, 100% to hit)
You send a boulder barrelling forward!
Your boulder slams into a wall and explodes!
The rocky shrapnel hits the cyclops.
The cyclops is moderately wounded.
A wraith comes into view.
Casting: Brom's Barrelling Boulder (dangerous; 1% risk of failure)
Confirm with . or Enter, or press ? or * to list all spells.
Aiming: Brom's Barrelling Boulder (dangerous; 1% risk of failure)
Press: ? - help, Dir - move target, f/p - cyclops
Aim: a cyclops, quivering large rocks (sparse dust, moderately wounded, 100% to hit)
You send a boulder barrelling forward!
The cyclops throws a large rock.
The large rock hits your boulder!!!
Your boulder is destroyed!
Casting: Brom's Barrelling Boulder (dangerous; 1% risk of failure)
Confirm with . or Enter, or press ? or * to list all spells.
Aiming: Brom's Barrelling Boulder (dangerous; 1% risk of failure)
Press: ? - help, Dir - move target, f/p - cyclops
Aim: a cyclops, quivering large rocks (sparse dust, moderately wounded, 100% to hit)
You send a boulder barrelling forward!
The cyclops hits your boulder!
The boulder barrels into the cyclops!
The cyclops is heavily wounded.
The orc warrior is knocked back.
The cyclops is knocked back.
An orc comes into view. It is wielding a +0 flail.
Your boulder slams into a wall and explodes!
The rocky shrapnel hits the cyclops but does no damage.
The cyclops is heavily wounded.
You closely miss the wraith. The wraith hits you!
The wraith drains your vigour!
You feel yourself slow down.
You hit the wraith but do no damage. The wraith hits you.
The wraith drains your vigour!
You feel as though you will be slow longer.
The cyclops throws a large rock.
The large rock hits you!! The wraith hits you!
* * * LOW HITPOINT WARNING * * *
The cyclops throws a large rock.
The large rock hits you!!
You die...

### ###+#####
....
o.......####.....
.[.....$#.W......
.o.....[#@##.....
..C.....#.# ...
........#C# >
........#o#
.?..)...'o#
........###
........#
#########


You could see a cyclops, a wraith, an orc warrior and an orc.

Vanquished Creatures
  A hydra (D:10)
  4 two-headed ogres
  Amaemon (D:10)
  An orange demon (D:10)
  An unseen horror (D:10)
  A kobold demonologist (D:9)
  2 trolls
  Prince Ribbit (D:8)
  A hornet (D:7)
  A wraith (D:10)
  4 yaks (D:10)
  3 steam dragons
  An acid dragon (D:10)
  3 water moccasins
  2 orc warriors
  2 ice beasts
  3 black bears
  3 ogres
  5 centaurs
  3 phantoms
  12 kobold brigands (D:9)
  3 bullfrogs
  A scorpion (D:7)
  7 wights
  14 killer bees
  3 howler monkeys
  4 crimson imps (D:7)
  2 hounds
  A jelly (D:6)
  An orc priest (D:9)
  A sleepcap (D:7)
  2 iguanas (D:5)
  2 orc wizards
  15 gnolls
  14 adders
  A white imp (D:4)
  An ufetubus (D:7)
  A worm (D:5)
  A dart slug (D:1)
  17 orcs
  8 ball pythons
  3 bats
  7 endoplasms
  4 giant cockroaches
  9 goblins
  7 hobgoblins
  8 jackals
  5 quokkas
  3 frilled lizards
  19 kobolds
  4 rats
223 creatures vanquished.

Vanquished Creatures (collateral kills)
  3 boulders
3 creatures vanquished.

Vanquished Creatures (others)
  8 boulders
8 creatures vanquished.

Grand Total: 234 creatures vanquished

Notes
Turn   | Place    | Note
-------+----------+-------------------------------------------
     0 | D:1      | Pixllover the Gargoyle Earth Elementalist began the quest
                  | for the Orb.
     0 | D:1      | Reached XP level 1. HP: 10/10 MP: 3/3
   190 | D:1      | Reached XP level 2. HP: 15/15 MP: 1/5
   191 | D:1      | Reached skill level 4 in Earth Magic
   205 | D:1      | Learned a level 2 spell: Passwall
   970 | D:2      | Found Noqetissu's Magic Scroll Boutique.
  1015 | D:2      | Bought a scroll of noise for 14 gold pieces
  1127 | D:2      | Reached XP level 3. HP: 19/19 MP: 2/6
  1200 | D:2      | Found Ociadyopp's Distillery.
  1354 | D:2      | Found Vymm's Jewellery Boutique.
  1435 | D:2      | Reached XP level 4. HP: 24/24 MP: 8/8
  1520 | D:2      | Reached skill level 1 in Axes
  1936 | D:3      | Reached XP level 5. HP: 28/28 MP: 8/10
  2035 | D:3      | Found an ancient bone altar of Kikubaaqudgha.
  2777 | D:3      | Found a faded altar of an unknown god.
  3168 | D:4      | Reached skill level 1 in Fighting
  3317 | D:4      | Reached XP level 6. HP: 35/35 MP: 8/11
  3319 | D:4      | Found an opulent altar of Gozag.
  3487 | D:4      | Found Kioty's Jewellery Boutique.
  3538 | D:4      | Reached skill level 5 in Earth Magic
  3759 | D:4      | Found a basalt altar of Yredelemnul.
  4122 | D:5      | Entered Level 5 of the Dungeon
  4336 | D:5      | Noticed a black bear
  4339 | D:5      | Killed a black bear
  4340 | D:5      | Reached skill level 1 in Staves
  4455 | D:5      | Reached XP level 7. HP: 37/40 MP: 5/13
  4609 | D:5      | Found a staircase to the Ecumenical Temple.
  4729 | Temple   | Entered the Ecumenical Temple
  4749 | Temple   | Became a worshipper of Vehumet
  4995 | D:5      | Reached skill level 6 in Earth Magic
  5000 | D:5      | Reached XP level 8. HP: 46/46 MP: 8/15
  5322 | D:5      | Reached skill level 5 in Spellcasting
  5630 | D:6      | Found a glowing silver altar of Zin.
  5715 | D:6      | Found a hazy altar of Hepliaklqana.
  6175 | D:6      | Learned a level 3 spell: Stone Arrow
  6423 | D:7      | Reached skill level 7 in Earth Magic
  6425 | D:7      | Reached skill level 1 in Conjurations
  6540 | D:7      | Found a shimmering altar of Xom.
  6640 | D:7      | Reached * piety under Vehumet
  6640 | D:7      | Offered knowledge of Kiss of Death by Vehumet.
  6641 | D:7      | Reached XP level 9. HP: 52/52 MP: 15/17
  6929 | D:7      | Noticed a hornet
  6935 | D:7      | Killed a hornet
  7094 | D:7      | Reached skill level 5 in Fighting
  7185 | D:4      | Bought an amulet of magic regeneration for 300 gold pieces
  7283 | D:2      | Bought a potion of heal wounds for 65 gold pieces
  7473 | D:7      | Reached skill level 8 in Earth Magic
  8023 | D:8      | Found a bloodstained altar of Trog.
  8130 | D:8      | Found a runed translucent door.
  8142 | D:8      | Found a shimmering altar of Xom.
  8142 | D:8      | Noticed temujin's ghost (novice DECj)
  8144 | D:8      | Noticed a +0 hand axe of chaos
  8192 | D:8      | Noticed Prince Ribbit
  8196 | D:8      | Killed Prince Ribbit
  8197 | D:8      | Reached XP level 10. HP: 43/59 MP: 20/20
  9596 | D:9      | Noticed a boulder beetle
  9626 | D:9      | Noticed a two-headed ogre
  9631 | D:9      | Killed a two-headed ogre
  9632 | D:9      | Reached skill level 5 in Staves
  9665 | D:9      | Reached skill level 9 in Earth Magic
  9754 | D:9      | Found a flagged portal.
  9756 | D:9      | Offered knowledge of Poisonous Vapours by Vehumet.
  9877 | D:9      | Reached ** piety under Vehumet
  9881 | D:9      | Noticed a +0 hand axe
  9883 | D:9      | Found a hide-covered altar of Uskayaw.
  9984 | D:9      | Noticed a +0 dagger
 10044 | D:9      | Noticed a kobold demonologist
 10047 | D:9      | Killed a kobold demonologist
 10217 | D:9      | Offered knowledge of Hailstorm by Vehumet.
 10554 | D:9      | Reached skill level 5 in Dodging
 10582 | D:9      | Reached *** piety under Vehumet
 10672 | D:10     | Entered Level 10 of the Dungeon
 10686 | D:10     | Found a shimmering blue altar of Sif Muna.
 10688 | D:10     | Noticed a two-headed ogre
 10695 | D:10     | Killed a two-headed ogre
 10696 | D:10     | Reached skill level 5 in Conjurations
 10696 | D:10     | Reached XP level 11. HP: 66/66 MP: 23/23
 10874 | D:10     | Noticed a two-headed ogre
 10880 | D:10     | Killed a two-headed ogre
 10881 | D:10     | Reached skill level 10 in Earth Magic
 10929 | D:10     | Noticed a two-headed ogre
 10935 | D:10     | Killed a two-headed ogre
 10948 | D:10     | Noticed Amaemon
 10954 | D:10     | Killed Amaemon
 11183 | D:10     | Learned a level 4 spell: Brom's Barrelling Boulder
 11187 | D:10     | Learned a level 3 spell: Hailstorm
 11344 | D:10     | Offered knowledge of Airstrike by Vehumet.
 11500 | D:10     | Noticed a five-headed hydra
 11513 | D:10     | Killed a five-headed hydra
 11796 | D:11     | Noticed an oklob plant
 11800 | D:11     | Found a staircase to the Lair.
 11856 | D:11     | Noticed a boulder beetle
 12231 | D:11     | Noticed a cyclops
 12265 | D:11     | Hit by a large rock thrown by a cyclops

Illustrated notes

Levels and vault maps discovered:
D:1:      nzn_arrival_depleted_hourglass, layout_loops_ring, minmay_hedge_maze
D:2:      layout_basic, serial_shops, shop, shop, nicolae_shop_window_shopping,
          minmay_fractal_squares_5
D:3:      layout_basic, mainiacjoe_overflow_brackets,
          ebering_ecumenical_altar_rust
D:4:      layout_cave_pods, yredelemnul_altar_generic, lemuel_tele_altar,
          kennysheep_diamond
D:5:      minmay_chambers_of_threes, layout_gridville, temple_green,
          guppyfry_early_lair_pool
D:6:      layout_basic, nicolae_hepliaklqana_hazy_memory, zin_scriptorium
D:7:      layout_loops_corners, led_xom_imps
D:8:      layout_layer_cave, trog_three_pillars_becter, ebering_ghost_xom,
          hangedman_abyss_or_decor_stabs, uniq_prince_ribbit1
D:9:      layout_roguey, dancing_weapons_uskayaw, enter_bailey_3, special_room
          [special_room_kobold], nzn_sisyphean_effort
D:10:     layout_long_grid, amcnicky_altar_gilded, fungi_pond_lemuel,
          grunt_decor_fettered, uniq_amaemon
D:11:     layout_roguey, dpeg_oklobed_lair
Temple:   dshaligram_water_room_temple

Skill      XL: |  1  2  3  4  5  6  7  8  9 10 11 |
---------------+----------------------------------+-----
Earth Magic    | 4 5 6 7 8 9 10 | 10.6
Axes           | 1 |  1.6
Spellcasting   | 3 4 5 7 8 9 |  9.2
Fighting       | 2 3 4 5 6 7 |  7.2
Dodging        | 2 3 4 5 |  5.6
Staves         | 1 2 3 4 5 6 |  6.0
Stealth        | 3 |  3.8
Conjurations   | 1 3 5 6 |  6.1
Shields        | |  0.9
Transmutations | |  0.7

Action                     |  1- 3 |  4- 6 |  7- 9 | 10-12 || total
---------------------------+-------+-------+-------+-------++-------
  Melee: Unarmed           |     5 |       |       |       ||     5
         Hand axe          |    22 |    28 |       |     7 ||    57
         Staff             |       |    11 |    24 |     9 ||    44
         Punch             |       |       |     2 |       ||     2
         Demon whip        |       |       |       |     2 ||     2
  Throw: Dart              |       |       |       |     3 ||     3
   Cast: Sandblast         |    33 |    73 |   104 |   152 ||   362
         Stone Arrow       |       |       |     4 |     9 ||    13
         Passwall          |       |       |       |     2 ||     2
         Brom's Barrelling |       |       |       |    13 ||    13
    Use: Potion            |     1 |       |       |     2 ||     3
         Scroll            |     3 |     4 |     5 |     5 ||    17
   Stab: Sleeping          |     1 |     1 |       |       ||     2
 Armour: Robe              |    31 |    43 |    72 |   163 ||   309
  Dodge: Dodged            |    20 |    35 |    61 |   138 ||   254
  Block: Other             |     3 |    10 |    22 |       ||    35
         Reflection        |       |       |     2 |       ||     2

Table legend: (Time is in decaauts)
 A = Elapsed time spent in this place.
 B = Non-inter-level travel time spent in this place.
 C = Inter-level travel time spent in this place.
 D = Time resting spent in this place.
 E = Time spent auto-exploring this place.
 F = Levels seen in this place.
 G = Mean time per level.
                   A        B        C        D        E       F      G
               +--------+--------+--------+--------+--------+-----+--------+
         Total |  12467 |  11892 |    575 |   1405 |   6110 |  12 | 1038.9 |
       Dungeon |  12427 |  11852 |    575 |   1405 |   6110 |  11 | 1129.7 |
        Temple |     40 |     40 |      0 |      0 |      0 |   1 |   40.0 |
               +--------+--------+--------+--------+--------+-----+--------+

Top non-repeatable levels by time:
     D:9: 1643 daAuts
     D:5: 1405 daAuts
     D:8: 1375 daAuts
    D:10: 1363 daAuts
     D:7: 1254 daAuts
     D:4: 1250 daAuts
     D:3: 1172 daAuts
     D:1: 976 daAuts
     D:2: 969 daAuts
     D:6: 891 daAuts
    D:11: 124 daAuts
  Temple: 40 daAuts
